 Dungeon Crawl Stone Soup version 0.23.1-41-g7e51ed3 (webtiles) character file.

Game seed: 17658287568581140440

8532 Borgoz the Protected (level 11, -8/64 HPs)
             Began as a Gargoyle Gladiator on Mar 29, 2019.
             Was an Initiate of Ashenzari.
             Mangled by a cyclops (22 damage)
             ... on level 11 of the Dungeon.
             The game lasted 00:20:56 (11730 turns).

Borgoz the Protected (Gargoyle Gladiator)          Turns: 11730, Time: 00:20:57

Health: -8/64      AC: 18    Str: 17    XL:     11   Next: 32%
Magic:  18/18      EV: 15    Int: 10    God:    Ashenzari [......]
Gold:   517        SH:  0    Dex: 14    Spells: 18/19 levels left

rFire    + . .     SeeInvis .   a - +1 short sword (venom)
rCold    . . .     Gourm    .   (no shield)
rNeg     + . .     Faith    .   J - +1 leather armour {rF+}
rPois    ∞         Spirit   .   c - +0 helmet
rElec    +         Reflect  .   G - +0 cloak (curse)
rCorr    .         Harm     .   j - +0 pair of gloves
MR       .....                  u - +0 pair of boots (curse)
Stlth    +++.......             (no amulet)
HPRegen  0.20/turn              (no ring)
MPRegen  0.16/turn              (no ring)

@: no status effects
A: negative energy resistance 1, electricity resistance, unbreathing,
petrification resistance, rot immunity, AC +8
a: Curse Item, Renounce Religion


You were on level 11 of the Dungeon.
You worshipped Ashenzari.
Ashenzari was noncommittal.
You were not hungry.

You visited 2 branches of the dungeon, and saw 12 of its levels.

You collected 517 gold pieces.

Inventory:

Hand Weapons
 a - a +1 short sword of venom (weapon)
 b - a +2 dagger of draining
 e - a +0 rapier
 g - a +2 dagger of venom
 y - a +3 short sword of speed
 A - a +1 rapier of protection
 H - a +2 quarterstaff of chaos
 I - a +3 dagger
 M - a +3 dagger of freezing
 O - a +0 blowgun
 Q - a +3 dagger
Missiles
 d - a throwing net (quivered)
 N - 5 javelins
 P - 13 poisoned needles
Armour
 c - a +0 helmet (worn)
 j - a +0 pair of gloves (worn)
 u - a cursed +0 pair of boots (worn)
 G - a cursed +0 cloak (worn)
 J - a +1 leather armour of fire resistance (worn)
 R - a scarf of repulsion
 S - a +2 chain mail of fire resistance
Jewellery
 k - an uncursed amulet of magic regeneration
 K - the ring "Toysmyff" {rElec rN+ AC+2 Int-5}
   (You found it on level 7 of the Dungeon)

   [ring of protection]

   It affects your AC (+2).
   It affects your intelligence (-5).
   It insulates you from electricity.
   It protects you from negative energy.
Wands
 D - a wand of flame (17)
 E - a wand of iceblast (16)
Scrolls
 h - 4 scrolls of magic mapping {unknown}
 l - 2 scrolls of fog {unknown}
 m - a scroll of random uselessness {unknown}
 n - 3 scrolls of amnesia {unknown}
 p - a scroll of noise {unknown}
 q - 2 scrolls of remove curse
 s - a scroll of identify
 x - a scroll of enchant armour
 z - 5 scrolls of teleportation {unknown}
 C - 2 scrolls of enchant weapon
 F - a scroll of fear {unknown}
 L - a scroll of vulnerability {unknown}
 T - a scroll of brand weapon {unknown}
Potions
 i - 3 potions of cancellation {unknown}
 o - 2 potions of lignification
 r - 3 potions of haste
 t - 2 potions of might {unknown}
 w - a potion of brilliance
 B - 2 potions of magic {unknown}
Comestibles
 f - 19 rations
 v - 6 chunks of flesh


   Skills:
 + Level 6.0 Fighting
 * Level 7.2 Short Blades
 + Level 4.9 Throwing
 * Level 8.0 Armour
 * Level 6.6 Dodging
 + Level 6.0 Stealth
 + Level 4.6 Spellcasting
 + Level 3.2 Hexes
 + Level 3.2 Evocations


You had 18 spell levels left.
You knew the following spells:

 Your Spells              Type           Power        Failure   Level  Hunger
a - Confusing Touch       Hex            #.....       7%          1    #......

Your spell library contained the following spells:

 Spells                   Type           Power        Failure   Level  Hunger
 Animate Skeleton         Necr           N/A          26%         1    #......
 Apportation              Tloc           #.....       26%         1    #......
 Summon Small Mammal      Summ           #...         26%         1    #......


Dungeon Overview and Level Annotations

Branches:
Dungeon (11/15)            Temple (1/1) D:5            Lair (0/6) D:10
    Orc: D:9-12

Altars:
Ashenzari
Cheibriados
Dithmenos
Elyvilon
Fedhas
Gozag
Hepliaklqana
Kikubaaqudgha
Makhleb
Nemelex Xobeh
Okawaru
Qazlal
Ru
Sif Muna
Trog
Uskayaw
Vehumet
Wu Jian
Xom
Yredelemnul
Zin
The Shining One


Innate Abilities, Weirdness & Mutations

You are resistant to torment.
Your stone body is resilient. (AC +8)
You are immune to poison.
You resist negative energy. (rN+)
You are resistant to electric shocks. (rElec)
You can survive without breathing.
You are immune to petrification.
You are immune to rotting.


Message History

You hit the cyclops.
The cyclops is lightly wounded.
You hit the cyclops but do no damage.
The cyclops looks as sick as possible!
The cyclops is lightly wounded.
The cyclops hits you.
* * * LOW HITPOINT WARNING * * *
Throwing (i - inventory. (/) - cycle)
d - 3 throwing nets (quivered)
Press: ? - help, Shift-Dir - straight line, f - cyclops
Aim: a cyclops (moderately wounded, poisoned, confused, immune to nets)
You throw a throwing net. The throwing net hits the cyclops.
The cyclops is too large for the net to hold!
The cyclops is moderately wounded.
Throwing (i - inventory. (/) - cycle)
d - 2 throwing nets (quivered)
Press: ? - help, Shift-Dir - straight line, f/p - cyclops
Aim: a cyclops (moderately wounded, poisoned, confused, immune to nets)
You throw a throwing net. The throwing net hits the cyclops.
The cyclops is too large for the net to hold!
The cyclops is moderately wounded.
The cyclops hits you!!
You die...

#.. #.# #.# #.# #.#
#Z# #C#### #@#..
#(#.#
#######(#.######
.....[.........(
.........############
.........[..........#
.........##########.#
.^.......# #.#
.........# #.#


You could see a cyclops (confused) and a worker ant zombie.

Vanquished Creatures
  Fannar (D:10)
  A two-headed ogre (D:8)
  Joseph (D:7)
  A gargoyle (D:10)
  Grinder (D:6)
  Prince Ribbit (D:6)
  A hippogriff (D:10)
  Eustachio (D:4)
  5 yaks
  Grum (D:8)
  2 basilisks (D:10)
  Edmund (D:6)
  A water moccasin (D:7)
  2 black bears (D:10)
  An ice beast (D:9)
  A sky beast (D:10)
  6 ogres
  3 orc warriors
  2 phantoms
  3 wolves (D:8)
  4 centaurs
  Blork the orc (D:6)
  2 big kobolds
  4 bullfrogs (D:9)
  2 scorpions
  A water moccasin skeleton (D:9)
  8 wights
  3 crimson imps
  3 bullfrog zombies
  5 hounds
  A quasit (D:9)
  A bullfrog skeleton (D:4)
  11 orc wizards
  Crazy Yiuf (D:5)
  4 jellies
  A gnoll shaman (D:9)
  8 orc priests
  An iguana (D:9)
  6 worker ants
  A hound zombie (D:11)
  2 howler monkey zombies
  2 worker ant zombies
  18 adders
  3 gnolls (D:9)
  4 shadow imps
  3 worms
  4 dart slugs
  3 leopard geckos
  40 orcs
  A ball python (D:1)
  5 giant cockroaches
  7 goblins
  4 hobgoblins
  16 jackals
  4 quokkas
  A ball python skeleton (D:5)
  3 bats (D:1)
  5 frilled lizards
  16 kobolds
  3 quokka skeletons
  8 rats
256 creatures vanquished.

Vanquished Creatures (others)
  6 bushes (D:10)
6 creatures vanquished.

Grand Total: 262 creatures vanquished

Notes
Turn   | Place    | Note
-------+----------+-------------------------------------------
     0 | D:1      | Borgoz the Gargoyle Gladiator began the quest for the Orb.
     0 | D:1      | Reached XP level 1. HP: 12/12 MP: 1/1
    88 | D:1      | Reached XP level 2. HP: 14/17 MP: 2/2
   409 | D:1      | Reached skill level 1 in Armour
   409 | D:1      | Reached XP level 3. HP: 22/22 MP: 3/3
  1007 | D:2      | Reached skill level 1 in Stealth
  1011 | D:2      | Noticed an ogre
  1026 | D:2      | Killed an ogre
  1026 | D:2      | Reached skill level 2 in Armour
  1026 | D:2      | Reached skill level 1 in Spellcasting
  1026 | D:2      | Reached XP level 4. HP: 27/27 MP: 3/5
  1026 | D:2      | Reached XP level 5. HP: 31/31 MP: 3/6
  1234 | D:2      | Found a snail-covered altar of Cheibriados.
  1307 | D:2      | Found a basalt altar of Yredelemnul.
  1816 | D:3      | Reached XP level 6. HP: 24/36 MP: 7/7
  2193 | D:4      | Noticed a phantom
  2267 | D:4      | Killed a phantom
  2267 | D:4      | Reached skill level 3 in Armour
  2556 | D:4      | Reached XP level 7. HP: 41/41 MP: 9/9
  2786 | D:4      | Found an ancient bone altar of Kikubaaqudgha.
  2849 | D:4      | Noticed Eustachio
  2872 | D:4      | Killed Eustachio
  4055 | D:5      | Entered Level 5 of the Dungeon
  4108 | D:5      | Reached skill level 4 in Armour
  4126 | D:5      | Reached XP level 8. HP: 28/46 MP: 11/11
  4187 | D:5      | Found a staircase to the Ecumenical Temple.
  4201 | D:5      | Found a runed translucent door.
  4204 | D:5      | Noticed Crazy Yiuf
  4664 | Temple   | Entered the Ecumenical Temple
  5026 | D:5      | Killed Crazy Yiuf
  5079 | D:6      | Noticed Blork the orc
  5106 | D:6      | Killed Blork the orc
  5353 | D:6      | Noticed Prince Ribbit
  5353 | D:6      | Noticed Edmund
  5363 | D:6      | Killed Prince Ribbit
  5369 | D:6      | Reached skill level 5 in Short Blades
  5392 | D:6      | Killed Edmund
  5392 | D:6      | Reached skill level 5 in Armour
  5545 | D:6      | Learned a level 1 spell: Confusing Touch
  5685 | D:6      | Reached XP level 9. HP: 21/52 MP: 13/13
  5691 | D:6      | Noticed Grinder
  5692 | D:6      | Paralysed by Grinder for 5 turns
  5724 | D:6      | Killed Grinder
  6032 | D:6      | Found a glowing silver altar of Zin.
  6085 | D:7      | Noticed Joseph
  6115 | D:7      | Killed Joseph
  6115 | D:7      | Reached skill level 5 in Dodging
  6115 | D:7      | Reached skill level 1 in Hexes
  6115 | D:7      | Reached skill level 1 in Evocations
  7123 | D:7      | Got an ancient bone ring
  7124 | D:7      | Identified the ring "Toysmyff" {rElec rN+ AC+2 Int-5} (You
                  | found it on level 7 of the Dungeon)
  7248 | D:8      | Reached skill level 6 in Armour
  7823 | D:8      | Noticed a two-headed ogre
  7862 | D:8      | Killed a two-headed ogre
  7862 | D:8      | Reached skill level 5 in Fighting
  7862 | D:8      | Reached XP level 10. HP: 34/59 MP: 15/15
  8033 | D:8      | Reached skill level 5 in Stealth
  8257 | D:8      | Noticed Grum
  8295 | D:8      | Killed Grum
  8413 | D:8      | Found a sparkling altar of Nemelex Xobeh.
  8634 | D:9      | Found an opulent altar of Gozag.
  8635 | D:9      | Found a shattered altar of Ashenzari.
  8638 | D:9      | Found a stormy altar of Qazlal.
  8646 | D:9      | Became a worshipper of Ashenzari the Shackled
  8685 | D:9      | Reached skill level 7 in Armour
  9856 | D:10     | Entered Level 10 of the Dungeon
 10078 | D:10     | Noticed a gargoyle
 10097 | D:10     | Killed a gargoyle
 10355 | D:10     | Reached XP level 11. HP: 64/64 MP: 17/17
 10442 | D:10     | Found a staircase to the Lair.
 10999 | D:10     | Noticed Fannar
 11045 | D:10     | Killed Fannar
 11615 | D:10     | Reached skill level 8 in Armour
 11717 | D:11     | Noticed a cyclops
 11730 | D:11     | Mangled by a cyclops

Skill      XL: |  1  2  3  4  5  6  7  8  9 10 11 |
---------------+----------------------------------+-----
Armour         | 1 2 3 4 5 6 7 8 |  8.0
Throwing       | 2 3 4 |  4.9
Short Blades   | 3 4 5 6 7 |  7.2
Stealth        | 1 2 3 4 5 6 |  6.0
Dodging        | 3 4 5 6 |  6.6
Spellcasting   | 1 2 3 4 |  4.6
Fighting       | 3 4 5 6 |  6.0
Hexes          | 2 3 |  3.2
Evocations     | 2 3 |  3.2

Action                   |  1- 3 |  4- 6 |  7- 9 | 10-12 || total
-------------------------+-------+-------+-------+-------++-------
Melee: Dagger            |   104 |   177 |   530 |   442 ||  1253
       Rapier            |     1 |       |       |       ||     1
       Short sword       |       |       |    11 |   273 ||   284
Throw: Throwing net      |       |       |     4 |     2 ||     6
 Cast: Confusing Touch   |       |       |       |    13 ||    13
Evoke: Wand              |       |       |     5 |     1 ||     6
  Use: Scroll            |       |       |     7 |       ||     7
       Potion            |       |       |     2 |     6 ||     8
 Stab: Sleeping          |     1 |     5 |     7 |     5 ||    18
       Confused          |       |       |       |     8 ||     8
       Invisible         |       |       |       |     6 ||     6
  Eat: Chunk             |       |     5 |    14 |    13 ||    32
       Ration            |       |       |     1 |       ||     1
Armor: Leather armour    |    34 |    77 |   246 |   234 ||   591
       Skin              |       |       |     5 |       ||     5
Dodge: Dodged            |    81 |   100 |   366 |   417 ||   964
